 Dungeon Crawl Stone Soup version 0.20-a0-301-g264e157 (webtiles) character file.

15685 SolomonHUN the Cleaver (level 12, -4/99 HPs)
             Began as a Minotaur Monk on Dec 16, 2016.
             Was a Follower of Uskayaw.
             Slain by an orc warrior
             ... wielding a +0 battleaxe
              (15 damage)
             ... on level 2 of the Orcish Mines.
             The game lasted 00:48:03 (13383 turns).

SolomonHUN the Cleaver (Minotaur Monk)             Turns: 13383, Time: 00:48:04

Health: -4/99      AC: 19    Str: 22    XL:     12   Next: 3%
Magic:  14/14      EV:  9    Int:  7    God:    Uskayaw [*.....]
Gold:   1035       SH:  0    Dex: 15    Spells: 11/11 levels left

rFire  . . .     SeeInvis .     j - +3 battleaxe "Eskueramoa" {freeze, rC+ Str+3}
rCold  + . .     Gourm    .     l - +0 plate armour
rNeg   + . .     Faith    .     (shield currently unavailable)
rPois  .         Spirit   .     (helmet restricted)
rElec  .         Reflect  .     (no cloak)
rCorr  .         Harm     .     b - +2 pair of gloves
MR     .....                    (no boots)
Stlth  ..........               f - amulet of rage
                                t - ring of stealth
                                k - ring of positive energy

@: exhausted, about to teleport, slowed, very slow
A: retaliatory headbutt, horns 2, talons 1, blurry vision 1, frail 1
a: Stomp, Renounce Religion, Evoke Berserk Rage


You were on level 2 of the Orcish Mines.
You worshipped Uskayaw.
Uskayaw was noncommittal.
You were full.

You visited 2 branches of the dungeon, and saw 13 of its levels.

You collected 1311 gold pieces.
You spent 276 gold pieces at shops.

Inventory:

Hand Weapons
 j - the +3 battleaxe "Eskueramoa" (weapon) {freeze, rC+ Str+3}
   (You found it on level 6 of the Dungeon)

   It has been specially enchanted to freeze those struck by it, causing extra
   injury to most foes and up to half again as much damage against particularly
   susceptible opponents.
   It can also slow down cold-blooded creatures.
   It affects your strength (+3).
   It protects you from cold.
Armour
 b - a +2 pair of gloves (worn)
 l - a +0 plate armour (worn)
Jewellery
 f - an amulet of rage (around neck)
 k - a ring of positive energy (left hand)
 t - a ring of stealth (right hand)
Wands
 d - a wand of iceblast (3/15)
 e - a wand of iceblast (2/15)
 h - a wand of iceblast (9/15)
 i - a wand of iceblast (5/15)
 p - a wand of acid (2/15)
Scrolls
 a - a scroll of recharging
 c - 3 scrolls of amnesia
 m - 3 scrolls of identify
 n - a scroll of enchant weapon
 o - 2 scrolls of immolation {unknown}
 r - a scroll of fog
 v - 3 scrolls of remove curse
 y - 2 scrolls of magic mapping {unknown}
 z - a scroll of brand weapon
 A - a scroll of summoning {unknown}
Potions
 g - 5 potions of curing
 s - a potion of ambrosia
 x - 2 potions of flight
 D - a potion of agility {unknown}
Comestibles
 q - 2 meat rations
 u - a slice of pizza
 w - 5 royal jellies
 B - a bread ration


   Skills:
 + Level 11.1 Fighting
 * Level 14.7 Axes
 * Level 13.2 Armour
 - Level 3.2 Dodging
 - Level 1.5 Stealth
 - Level 4.2 Invocations


You had 11 spell levels left.
You didn't know any spells.

Dungeon Overview and Level Annotations

Branches:
Dungeon (11/15)            Temple (0/1) D:6            Lair (0/6) D:11
    Orc (2/2) D:11            Elf (0/3) Orc:2

Altars:
Ashenzari
Dithmenos
Fedhas
Nemelex Xobeh
Ru
Uskayaw
Vehumet
Yredelemnul
Beogh

Shops:
D:6 }[


Innate Abilities, Weirdness & Mutations

You reflexively headbutt those who attack you in melee.
You have a pair of horns on your head.
You have sharp toenails.
Scrolls take you a little longer to read.
You are frail. (-10% HP)


Message History

An orc comes into view.
The orc shouts!
The orc knight no longer looks unusually strong.
You can no longer merge with and destroy a victim.
The orc warrior no longer looks unusually strong. x2
The orc knight roars a battlecry!
The orc warriors go into a battle-frenzy!
The orc warrior hits you with a battleaxe!
* * * LOW HITPOINT WARNING * * *
Things that are here:
a hand axe; a runed ring mail Really read with blurry vision while enemies are nearby?
You begin reading the scroll.
You continue reading the scroll.
As you read the scroll of teleportation, it crumbles to dust.
You feel strangely unstable.
You can no longer pass through a line of other dancers.
The orc knight roars a battlecry!
The orc goes into a battle-frenzy!
The orc warrior hits you with a battleaxe!
You die...

...............### ##.....
......).)......... ....⌠
........).)....# #..)
.........[.....# #))#
....#....).....# #..#
#..÷...........# #.)#
##.÷...........# #.)#
##.............######.(#######
................@o.o..........
.................o..o.........
.............#################
##..........##
.#...........###
...............##
..........#.....#
.............#..##
.................#


You could see an orc knight, 2 orc warriors and an orc.

Vanquished Creatures
  A death knight (D:8)
  3 two-headed ogres
  Urug (D:10)
  An unseen horror (D:9)
  Pikel (D:6)
  An orc knight (Orc:2)
  2 oklob plants (D:11)
  An ugly thing (D:11)
  Psyche (D:8)
  A hornet (D:8)
  2 trolls
  3 hippogriffs
  Sigmund (D:4)
  A shadow (D:8)
  Eustachio (D:6)
  A wraith (D:9)
  2 wyverns
  2 wargs (Orc:2)
  2 soldier ants (D:8)
  The ghost of Junicave the Magician, an amateur GrWn (D:3)
  A water moccasin (D:9)
  12 orc warriors
  An ice beast (D:5)
  7 sky beasts
  2 slaves (D:6)
  A necrophage (D:5)
  A black bear (D:10)
  3 phantoms
  7 centaurs
  6 ogres
  A big kobold (D:10)
  4 bullfrogs
  3 gnoll sergeants
  A water moccasin zombie (D:6)
  10 killer bees
  2 scorpions
  2 howler monkeys
  4 electric eels (D:11)
  10 crimson imps
  4 centaur zombies
  3 bullfrog zombies
  A quasit (D:9)
  A bullfrog skeleton (D:7)
  4 hounds
  2 centaur skeletons (D:8)
  A gnoll shaman (D:8)
  9 orc priests
  4 jellies
  3 iguanas
  13 orc wizards
  10 worker ants
  4 hound skeletons
  A howler monkey zombie (D:7)
  19 gnolls
  10 adders
  A howler monkey skeleton (D:7)
  3 shadow imps
  An adder zombie (D:6)
  An adder skeleton (D:7)
  2 worms
  A dart slug (D:3)
  9 leopard geckos
  61 orcs
  4 giant cockroaches
  5 goblins
  6 hobgoblins
  18 jackals
  6 kobolds
  2 quokkas (D:6)
  7 bats
  A frilled lizard (D:2)
  A leopard gecko skeleton (D:4)
  4 rats
  10 plants (D:11)
339 creatures vanquished.

Notes
Turn   | Place    | Note
-------+----------+-------------------------------------------
     0 | D:1      | SolomonHUN the Minotaur Monk began the quest for the Orb.
     0 | D:1      | Reached XP level 1. HP: 19/19 MP: 0/0
   161 | D:1      | Reached skill level 4 in Axes
   161 | D:1      | Reached XP level 2. HP: 27/27 MP: 1/1
   731 | D:2      | Reached skill level 1 in Armour
   731 | D:2      | Reached XP level 3. HP: 33/33 MP: 2/2
  1284 | D:2      | Reached skill level 5 in Axes
  1425 | D:2      | Found a hide-covered altar of Uskayaw.
  1425 | D:2      | Found a radiant altar of Vehumet.
  1429 | D:2      | Became a worshipper of Uskayaw the Reveler
  1429 | D:2      | Reached * piety under Uskayaw
  1465 | D:2      | Found a blossoming altar of Fedhas.
  1490 | D:2      | Reached XP level 4. HP: 29/41 MP: 3/3
  1743 | D:3      | Noticed Junicave's ghost (amateur GrWn)
  1759 | D:3      | Reached ** piety under Uskayaw
  2397 | D:3      | Found a blossoming altar of Fedhas.
  2499 | D:3      | Reached *** piety under Uskayaw
  2508 | D:3      | Killed Junicave's ghost
  2508 | D:3      | Reached skill level 1 in Invocations
  2508 | D:3      | Reached XP level 5. HP: 30/47 MP: 4/4
  3054 | D:4      | Reached skill level 5 in Fighting
  3054 | D:4      | Reached skill level 6 in Axes
  3054 | D:4      | Reached XP level 6. HP: 45/56 MP: 6/6
  3140 | D:4      | Noticed Sigmund
  3660 | D:4      | Killed Sigmund
  3794 | D:5      | Entered Level 5 of the Dungeon
  3851 | D:5      | Reached skill level 7 in Axes
  3851 | D:5      | Reached XP level 7. HP: 60/61 MP: 7/7
  4197 | D:5      | Found a shadowy altar of Dithmenos.
  4680 | D:5      | Reached skill level 8 in Axes
  4680 | D:5      | Reached **** piety under Uskayaw
  4683 | D:5      | Reached XP level 8. HP: 39/69 MP: 5/9
  5283 | D:6      | Found Zapo's Armour Boutique.
  5284 | D:6      | Found a sparkling altar of Nemelex Xobeh.
  5294 | D:6      | Got a twisted battleaxe
  5295 | D:6      | Identified the cursed +3 battleaxe "Eskueramoa" {freeze, rC+ Str+3} (You found it on level 6 of the Dungeon)
  5306 | D:6      | Bought a +0 plate armour for 276 gold pieces
  5332 | D:6      | Reached skill level 5 in Armour
  5559 | D:6      | Noticed Eustachio
  5575 | D:6      | Killed Eustachio
  5575 | D:6      | Reached skill level 9 in Axes
  5626 | D:6      | Found Quen's Gadget Boutique.
  5650 | D:6      | Noticed Pikel
  5658 | D:6      | Killed Pikel
  5658 | D:6      | Reached XP level 9. HP: 61/78 MP: 11/11
  5820 | D:6      | Reached skill level 10 in Axes
  5939 | D:6      | Found a staircase to the Ecumenical Temple.
  6300 | D:7      | Found a shattered altar of Ashenzari.
  6300 | D:7      | Found a sacrificial altar of Ru.
  7069 | D:8      | Reached skill level 11 in Axes
  7188 | D:8      | Reached XP level 10. HP: 85/89 MP: 12/12
  7383 | D:8      | Noticed a two-headed ogre
  7393 | D:8      | Killed a two-headed ogre
  7393 | D:8      | Reached skill level 10 in Armour
  7871 | D:8      | Gained mutation: Scrolls take you a little longer to read. [potion of mutation]
  7871 | D:8      | Gained mutation: You are frail. (-10% HP) [potion of mutation]
  7871 | D:8      | Gained mutation: You have sharp toenails. [potion of mutation]
  7934 | D:8      | Noticed a two-headed ogre
  7939 | D:8      | Killed a two-headed ogre
  7939 | D:8      | Reached skill level 12 in Axes
  8169 | D:8      | Noticed Psyche
  8179 | D:8      | Killed Psyche
  8369 | D:8      | Noticed a death knight
  8381 | D:8      | HP: 1/82 [death knight/enchanted broad axe (23)]
  9042 | D:9      | Noticed a two-headed ogre
  9052 | D:9      | Killed a two-headed ogre
  9052 | D:9      | Reached XP level 11. HP: 19/89 MP: 13/13
  9053 | D:9      | Reached skill level 13 in Axes
  9239 | D:9      | Killed an unseen horror
  9239 | D:9      | Reached skill level 10 in Fighting
  9738 | D:9      | Found a basalt altar of Yredelemnul.
 10218 | D:8      | Killed a death knight
 10586 | D:10     | Entered Level 10 of the Dungeon
 10596 | D:10     | Noticed Urug
 10607 | D:10     | Killed Urug
 11266 | D:10     | Reached skill level 14 in Axes
 11402 | D:11     | Found a staircase to the Orcish Mines.
 11515 | D:11     | Noticed an oklob plant
 11519 | D:11     | Found a staircase to the Lair.
 11520 | D:11     | Noticed an oklob plant
 11526 | D:11     | Killed an oklob plant
 11549 | D:11     | Killed an oklob plant
 12390 | D:11     | Noticed a red ugly thing
 12401 | D:11     | Killed a red ugly thing
 12775 | Orc:1    | Entered Level 1 of the Orcish Mines
 12939 | Orc:2    | Entered Level 2 of the Orcish Mines
 12939 | Orc:2    | Found a staircase to the Elven Halls.
 12960 | Orc:2    | Found a roughly hewn altar of Beogh.
 13358 | Orc:2    | Noticed an orc knight
 13361 | Orc:2    | Noticed an orc knight
 13366 | Orc:2    | Killed an orc knight
 13367 | Orc:2    | Reached XP level 12. HP: 99/99 MP: 14/14
 13372 | Orc:2    | Reached ***** piety under Uskayaw
 13383 | Orc:2    | Slain by an orc warrior

Vault maps used:
D:1:      minmay_arrival_cross, grunt_decor_arrowhead, item_on_display_a
D:2:      gammafunk_temple_overflow_elements, lemuel_statue_altar
D:3:      lemuel_crystal_altar
D:4:      minmay_fountain_box, uniq_sigmund
D:5:      old_standard_altar, first_bread, grunt_decor_resistance
D:6:      nemelex_xobeh_ov_fountains_minmay, serial_shops, shop, shop,
          minmay_tree_intersection, uniq_pikel, uniq_eustachio
D:7:      chequers_temple_overflow_statue_of_worship, minmay_misc_feat_rugged
D:8:      minmay_cornered_nines, hangedman_pestilent_swarm, grunt_ministairs_13,
          uniq_psyche
D:9:      hangedman_cross_stitches, old_standard_altar
D:10:     corexii_leaking_fountain, uniq_urug
D:11:     dpeg_oklobed_lair, david_orc_2, serial_bayou_lagoon_b
Orc:2:    st_orc_town, basic_altar, serial_shops, shop_statue

Skill      XL: |  1  2  3  4  5  6  7  8  9 10 11 |
---------------+----------------------------------+-----
Axes           | 4 5 6 7 8 9 11 12 14 | 14.7
Fighting       | 4 5 6 7 8 9 11 | 11.1
Armour         | 1 2 3 4 7 9 11 13 | 13.2
Invocations    | 1 2 3 4 |  4.2
Dodging        | |  3.2
Stealth        | |  1.5

Action                   |  1- 3 |  4- 6 |  7- 9 | 10-12 || total
-------------------------+-------+-------+-------+-------++-------
Melee: Hand axe          |    95 |   137 |    85 |       ||   317
       Headbutt          |    15 |    23 |    38 |    66 ||   142
       Battleaxe         |       |       |   170 |   371 ||   541
       Kick              |       |       |       |    98 ||    98
Invok: Stomp             |       |     2 |     3 |     7 ||    12
       Line Pass         |       |       |     1 |       ||     1
 Abil: Evoke Berserk Rag |       |       |       |     2 ||     2
Evoke: Wand              |       |       |     2 |     2 ||     4
  Use: Scroll            |       |    12 |     2 |     9 ||    23
       Potion            |       |     6 |     1 |     3 ||    10
 Stab: Sleeping          |     1 |       |       |       ||     1
       Paralysed         |       |     2 |    18 |    19 ||    39
  Eat: Meat ration       |     1 |       |       |       ||     1
       Bread ration      |       |     1 |     3 |       ||     4
       Chunk             |       |     1 |     2 |     2 ||     5
       Fruit             |       |       |     4 |     5 ||     9
       Royal jelly       |       |       |       |     4 ||     4
       Beef jerky        |       |       |       |     4 ||     4
Armor: Robe              |     8 |       |       |       ||     8
       Scale mail        |    22 |    40 |    39 |       ||   101
       Skin              |       |    13 |       |       ||    13
       Plate armour      |       |       |   131 |   248 ||   379
Dodge: Dodged            |    56 |    63 |    97 |   142 ||   358
